 Dungeon Crawl Stone Soup version 0.29.1-1-gd02db6906a (webtiles) character file.

Game seed: 14117034284566340776

4907 hawla the Arsonist (level 11, -10/75 HPs)
             Began as a Meteoran Fire Elementalist on Oct 5, 2022.
             Was a Believer of Vehumet.
             Killed by divine providence
             ... invoked by an orc priest
              (15 damage)
             ... on level 9 of the Dungeon.
             The game lasted 00:21:53 (5395 turns).

hawla the Arsonist (Meteoran Fire Elementalist)     Turns: 5395, Time: 00:21:53

Health: -10/75     AC: 10    Str:  9 (10) XL:     11   Next: 7%
Magic:  18/24      EV: 13    Int: 21      God:    Vehumet [**....]
Gold:   713        SH:  0    Dex: 18 (21) Spells: 15/26 levels left

rFire   . . .      SeeInvis .   E - +3 dire flail (protect)
rCold   . . .      Faith    .   (shield currently unavailable)
rNeg    . . .      Spirit   .   a - +0 robe
rPois   .          Reflect  .   g - +0 helmet
rElec   .          Harm     .   h - +0 cloak
rCorr   .          Rampage  .   (no gloves)
Will    +....                   (no boots)
Stlth   +.........              (no amulet)
HPRegen 1.02/turn               j - ring of wizardry
MPRegen 0.19/turn               z - +6 ring of dexterity

@: under a protective aura, glowing
A: sense surroundings 2, otherworldly, glowing, explore regen, deformed body,
deterioration 1, regeneration 1
a: Renounce Religion


You were on level 9 of the Dungeon.
You worshipped Vehumet.
Vehumet was pleased with you.
You visited 2 branches of the dungeon, and saw 10 of its levels.
You also visited: Ossuary.

You collected 713 gold pieces.

Inventory:

Hand Weapons
 E - a +3 dire flail of protection (weapon)
Armour
 a - a +0 robe (worn)
 g - a +0 helmet (worn)
 h - a +0 cloak (worn)
Jewellery
 j - a ring of wizardry (left hand)
 m - a ring of wizardry
 p - a ring of wizardry
 z - a +6 ring of dexterity (right hand)
Wands
 A - a wand of polymorph (3)
 B - a wand of mindburst (6)
 C - a wand of flame (12)
Scrolls
 d - a scroll of silence {unknown}
 l - 3 scrolls of acquirement {unknown}
 v - 3 scrolls of vulnerability {unknown}
 w - a scroll of blinking {unknown}
 y - a scroll of enchant armour {unknown}
 D - a scroll of fear
Potions
 b - a potion of magic
 c - 2 potions of berserk rage
 e - 3 potions of brilliance {unknown}
 f - 2 potions of resistance
 i - 2 potions of curing
 k - 3 potions of ambrosia {unknown}
 o - 3 potions of lignification {unknown}
 r - 3 potions of flight {unknown}
 s - 3 potions of might {unknown}
 t - 2 potions of heal wounds {unknown}
 u - 2 potions of cancellation {unknown}
 x - 3 potions of attraction {unknown}


   Skills:
 + Level 0.7 Fighting
 + Level 6.0 Maces & Flails
 + Level 3.3 Dodging
 - Level 1.4 Stealth
 + Level 8.3 Spellcasting
 + Level 10.2 Conjurations
 + Level 4.2 Necromancy
 + Level 12.9 Fire Magic
 - Level 5.5 Evocations


You had 15 spell levels left.
You knew the following spells:

 Your Spells              Type           Power      Damage    Failure   Level
a - Foxfire               Conj/Fire      100%       2x1d9     1%          1
b - Scorch                Fire           100%       2d10      1%          2
c - Flame Wave            Conj/Fire      55%        2d13      1%          4
d - Dispel Undead         Necr           26%        3d13      5%          4

Your spell library contained the following spells:

 Spells                   Type           Power      Damage    Failure   Level
 Frozen Ramparts          Ice            16%        1d3       10%         3
 Static Discharge         Conj/Air       30%        3-7/arc   1%          2
 Conjure Flame            Conj/Fire      55%        6-21      1%          3
 Ignite Poison            Fire/Tmut/Pois 26%        N/A       1%          3
 Inner Flame              Hex/Fire       35%        N/A       1%          3
 Sticky Flame             Conj/Fire      55%        2d7       1%          4
 Portal Projectile        Hex/Tloc       16%        N/A       10%         3
 Tukima's Dance           Hex            8%         N/A       10%         3
 Blade Hands              Tmut           4%         N/A       61%         5


Dungeon Overview and Level Annotations

Branches:
Dungeon (9/15) Zot: 496    Temple (1/1) D:4 Zot: 291 Ossuary (visited)
   Lair: D:8-11         Orc: D:9-12

Altars:
Ashenzari
Cheibriados
Dithmenos
Elyvilon
Fedhas
Gozag
Hepliaklqana
Kikubaaqudgha
Makhleb
Nemelex Xobeh
Okawaru
Qazlal
Ru
Trog
Uskayaw
Vehumet
Wu Jian
Xom
Zin
The Shining One

Shops:
D:4 :

Annotations:
D:4 1 runed translucent door


Innate Abilities, Weirdness & Mutations

You passively map the area around you.
You are easily found by Zot.
You glow in the dark.
You regain HP and MP as you explore.
Armour fits poorly on your strangely shaped body.
Your body sometimes deteriorates upon taking damage.
Your natural rate of healing is unusually fast.


Message History

The orc priest calls down the wrath of Beogh upon you.
Beogh smites you!
Your body deteriorates!
You feel clumsy.
Things that are here:
a +0 whip; an orc corpse You barely miss the orc.
The orc closely misses you.
You puncture the orc!
Your weapon exudes an aura of protection.
You kill the orc!
Vehumet accepts your kill.
You feel your power returning.
The orc priest looks encouraged for a moment.
Items here: )) [ †.
You closely miss the two-headed ogre.
The orc priest casts a cantrip, but nothing happens.
You hit the two-headed ogre but do no damage.
The two-headed ogre barely misses you.
The two-headed ogre completely misses you.
The orc priest invokes the aid of Beogh against you.
Beogh smites you!
You sock the two-headed ogre!
The two-headed ogre is moderately wounded.
The orc priest looks braver for a moment.
Casting: Flame Wave (safe; 1% risk of failure)
Confirm with . or Enter, or press ? or * to list all spells.
Casting: Flame Wave (safe; 1% risk of failure)
Press: ? - help, Dir - look around, f - activate A wave of flame ripples out!
The flame wave engulfs the two-headed ogre!
The two-headed ogre is heavily wounded. (Press . to intensify the flame waves.)
The two-headed ogre hits you with a +0 giant club!!
* * * LOW HITPOINT WARNING * * *
Your body deteriorates!
You feel weakened.
The two-headed ogre hits you with a +0 giant club!
* * * LOW HITPOINT WARNING * * *
The orc priest looks satisfied for a moment.
The orc priest calls down the wrath of Beogh upon you.
Beogh smites you!
You die...

, .# * ,, , #.# , *
,,, .. , ,, * ,, ,*
* #.# * **, ,+ ,, ,
,, .. , , , * *
##o# * ,, , *,,,,
#<.# *, ,, ,* #O# *
#@# * #. #.#
##.#### ####'####*
* #.....#
###.#.....# #.....#
#.'.#.#.#.#,
#.....# #.#...#.#
.. ,
#.....###.#.###.#*
.# , ,
###.....##..#.#,*.#
# , ,,
.....(.....##.# .#
+ ,


You could see a two-headed ogre and an orc priest.

Vanquished Creatures
  The ghost of nshep25 the Sneak, a novice DsDe (D:5)
  Edmund (D:6)
  The ghost of pacmanke6689 the Slasher, an amateur TeGl (D:4)
  2 water moccasins
  2 ice beasts (D:6)
  2 sky beasts
  A black bear (D:7)
  An ogre (D:5)
  A kobold brigand (D:7)
  A necrophage (D:4)
  2 scorpions (D:6)
  A howler monkey (D:6)
  2 jellies (D:7)
  3 quasits (D:5)
  3 orc priests
  3 hounds
  A gnoll bouda (D:4)
  3 iguanas
  8 orc wizards
  8 mummies (Ossuary)
  8 gnolls
  8 adders
  3 white imps
  An ufetubus (D:4)
  2 worms
  2 dart slugs (D:2)
  17 orcs
  6 ball pythons
  7 endoplasms
  2 giant cockroaches
  7 goblins
  2 hobgoblins (D:1)
  3 jackals (D:2)
  12 kobolds
  2 quokkas
  8 bats
  7 frilled lizards
  3 hobgoblin zombies (Ossuary)
  A kobold zombie (Ossuary)
  4 orc zombies (Ossuary)
  3 rats
155 creatures vanquished.

Vanquished Creatures (others)
  227 foxfires
  6 fungi (D:6)
  3 toadstools (D:6)
236 creatures vanquished.

Grand Total: 391 creatures vanquished

Notes
Turn   | Place    | Note
-------+----------+-------------------------------------------
     0 | D:1      | hawla the Meteoran Fire Elementalist began the quest for
                  | the Orb.
     0 | D:1      | Reached XP level 1. HP: 14/14 MP: 5/5
    54 | D:1      | Reached skill level 4 in Fire Magic
    54 | D:1      | Reached XP level 2. HP: 20/20 MP: 2/6
   169 | D:1      | Learned a level 2 spell: Scorch
   283 | D:1      | Reached XP level 3. HP: 26/26 MP: 2/8
   492 | D:1      | Glimpsed the power of Zot.
   637 | D:2      | Reached XP level 4. HP: 23/33 MP: 4/9
   640 | D:2      | Reached skill level 5 in Fire Magic
  1007 | D:2      | Found a sacrificial altar of Ru.
  1093 | D:2      | Glimpsed the power of Zot.
  1107 | D:3      | Found a faded altar of an unknown god.
  1117 | D:3      | Learned a level 4 spell: Flame Wave
  1453 | D:3      | Reached XP level 5. HP: 39/39 MP: 8/11
  1674 | D:3      | Glimpsed the power of Zot.
  1711 | D:4      | Found Ixeajup's Book Emporium.
  1714 | D:4      | Found a staircase to the Ecumenical Temple.
  1715 | D:4      | Noticed a necrophage
  1721 | Temple   | Entered the Ecumenical Temple
  1999 | Temple   | Became a worshipper of Vehumet
  2033 | D:4      | Killed a necrophage
  2034 | D:4      | Reached skill level 6 in Fire Magic
  2034 | D:4      | Reached XP level 6. HP: 28/46 MP: 7/12
  2088 | D:4      | Noticed a sky beast
  2094 | D:4      | Killed a sky beast
  2095 | D:4      | Reached skill level 7 in Fire Magic
  2109 | D:4      | Reached XP level 7. HP: 51/51 MP: 8/13
  2345 | D:4      | Found a glowing golden altar of the Shining One.
  2352 | D:4      | Found a sparkling altar of Nemelex Xobeh.
  2407 | D:4      | Found a runed translucent door.
  2410 | D:4      | Noticed pacmanke6689's ghost (amateur TeGl)
  2427 | D:4      | Learned a level 4 spell: Dispel Undead
  2457 | D:4      | Found a runed translucent door.
  2504 | D:4      | Killed pacmanke6689's ghost
  2550 | D:5      | Entered Level 5 of the Dungeon
  2588 | D:5      | Reached * piety under Vehumet
  2588 | D:5      | Offered knowledge of Sandblast by Vehumet.
  2660 | D:5      | Reached XP level 8. HP: 54/58 MP: 2/14
  2906 | D:5      | You fall into a shaft and drop 3 floors!
  2928 | D:7      | Reached skill level 8 in Fire Magic
  2977 | D:7      | Reached skill level 5 in Spellcasting
  3017 | D:7      | Found a sand-covered staircase.
  3028 | Ossuary  | Entered an ossuary
  3285 | D:6      | Reached skill level 5 in Conjurations
  3285 | D:6      | Gained mutation: You passively map the area around you.
                  | [Meteoran growth]
  3285 | D:6      | Reached XP level 9. HP: 63/63 MP: 12/19
  3293 | D:6      | Reached skill level 9 in Fire Magic
  3293 | D:6      | Offered knowledge of Searing Ray by Vehumet.
  3558 | D:5      | Reached ** piety under Vehumet
  3582 | D:5      | Found a transporter.
  3590 | D:5      | Noticed nshep25's ghost (novice DsDe)
  3596 | D:5      | Killed nshep25's ghost
  3601 | D:5      | Found a transporter.
  4428 | D:6      | Noticed Edmund
  4434 | D:6      | Killed Edmund
  4812 | D:6      | Reached skill level 10 in Fire Magic
  5010 | D:7      | Reached XP level 10. HP: 70/70 MP: 23/23
  5192 | D:7      | Glimpsed the power of Zot.
  5215 | D:8      | Gained mutation: You expend magic power (3 MP) to
                  | strengthen your wands. [potion of mutation]
  5215 | D:8      | Gained mutation: You are somewhat resistant to further
                  | mutation. [potion of mutation]
  5242 | D:8      | Glimpsed the power of Zot.
  5273 | D:9      | Lost mutation: You are somewhat resistant to further
                  | mutation. [potion of mutation]
  5273 | D:9      | Lost mutation: You expend magic power (3 MP) to strengthen
                  | your wands. [potion of mutation]
  5273 | D:9      | Gained mutation: Armour fits poorly on your strangely
                  | shaped body. [potion of mutation]
  5273 | D:9      | Gained mutation: Your body sometimes deteriorates upon
                  | taking damage. [potion of mutation]
  5273 | D:9      | Gained mutation: Your natural rate of healing is unusually
                  | fast. [potion of mutation]
  5282 | D:9      | Reached skill level 10 in Conjurations
  5282 | D:9      | Reached skill level 12 in Fire Magic
  5282 | D:9      | Reached skill level 5 in Evocations
  5282 | D:9      | Reached XP level 11. HP: 75/75 MP: 24/24
  5350 | D:9      | Offered knowledge of Frozen Ramparts by Vehumet.
  5386 | D:9      | Noticed a two-headed ogre
  5395 | D:9      | Killed from afar by an orc priest

Illustrated notes

Levels and vault maps discovered:
D:1:      lightli_arrival_flooded_house, layout_loops_ring, wad_floor_pattern_1,
          serial_bayou_lake_a
D:2:      layout_loops_ring, basic_altar
D:3:      layout_loops_corners, nicolae_ecumenical_pavilion,
          amcnicky_mini_corridor_feature
D:4:      layout_rooms, amethyst_overflow_temple_binary,
          minmay_temple_entry_junction_2, serial_shops, nicolae_diamond_shop,
          ebering_ghost_sewer_f
D:5:      layout_layer_cave, gammafunk_ghost_stat_death
D:6:      layout_basic, minmay_gold_behind_fungi, uniq_edmund
D:7:      layout_loops_ring, nicolae_ossuary_entry_ruins, uniq_maggie
D:8:      layout_basic, erik_lair_island, uniq_prince_ribbit1
D:9:      layout_roguey
Temple:   mainiacjoe_temple_big_plus

Skill      XL: |  1  2  3  4  5  6  7  8  9 10 |
---------------+-------------------------------+-----
Fire Magic     | 4 5 6 7 8 10 12 | 12.9
Spellcasting   | 3 6 8 |  8.3
Conjurations   | 2 3 4 5 6 10 | 10.2
Necromancy     | 3 4 |  4.2
Dodging        | 3 |  3.3
Maces & Flails | 6 |  6.0
Evocations     | 5 |  5.5
Fighting       | |  0.7
Stealth        | |  1.4

Action                   |  1- 3 |  4- 6 |  7- 9 | 10-12 || total
-------------------------+-------+-------+-------+-------++-------
Melee: Unarmed           |    11 |     8 |     4 |       ||    23
       Dire flail        |       |       |       |    25 ||    25
 Cast: Foxfire           |    31 |    35 |    75 |     3 ||   144
       Scorch            |    15 |    19 |    38 |     5 ||    77
       Flame Wave        |       |       |    14 |     3 ||    17
       Dispel Undead     |       |       |     5 |       ||     5
  Use: Scroll            |     5 |     5 |     4 |     5 ||    19
       Potion            |       |       |       |     3 ||     3
Armor: Robe              |     5 |     3 |    38 |     4 ||    50
Dodge: Dodged            |    12 |    11 |    51 |    15 ||    89
